 Dungeon Crawl Stone Soup version 0.31-a0-152-g6aa68a64a1 (webtiles) character file.

Game seed: 10521288955808732759

79 qw the Shooter (level 4, -4/28 HPs)
             Began as a Gargoyle Hunter on June 8, 2023.
             Slain by Terence
             ... wielding a +0 mace
              (6 damage)
             ... on level 3 of the Dungeon.
             The game lasted 00:00:30 (1599 turns).

qw the Shooter (Gargoyle Hunter)                    Turns: 1599, Time: 00:00:31

Health: -4/28      AC:  6    Str: 14    XL:     4   Next: 38%
Magic:  4/4        EV: 11    Int: 10    God:
Gold:   102        SH:  0    Dex: 15    Spells: 3/3 levels left

rFire   . . .        Y - +0 shortbow
rCold   . . .        (shield currently unavailable)
rNeg    + . .        c - +0 leather armour
rPois   inf          (no helmet)
rElec   +            (no cloak)
rCorr   .            (no gloves)
SInv    .            (no boots)
Will    .....        f - amulet of faith
Stlth   ++           (no ring)
HPRegen 0.24/turn    (no ring)
MPRegen 0.09/turn

%: faith
@: no status effects
A: sickness immunity, AC +3, negative energy resistance 1, electricity
resistance, torment resistance 1, petrification resistance
a: no special abilities


You were on level 3 of the Dungeon.
You visited 1 branch of the dungeon, and saw 3 of its levels.

You collected 102 gold pieces.


Innate Abilities, Weirdness & Mutations

You are immune to sickness and miasma.
Your stone body is resilient. (AC +3)
You are immune to poison.
You resist negative energy. (rN+)
You are resistant to electric shocks. (rElec)
You are resistant to unholy torment.
You are immune to petrification.


   Skills:
 - Level 3.0 Fighting
 + Level 5.4 Ranged Weapons
 - Level 1.5 Dodging
 - Level 1.1 Stealth


You had 3 spell levels left.
You didn't know any spells.
Your spell library was empty.

Inventory:

Hand Weapons
 Y - a +0 shortbow (weapon)
Armour
 c - a +0 leather armour (worn)
Jewellery
 f - an amulet of faith (around neck)
Scrolls
 a - a scroll of identify
Potions
 d - 2 potions of might {unknown}

Dungeon Overview and Level Annotations

Branches:
Dungeon (3/15)

Altars:

Annotations:
D:3 Terence


Message History

You shoot an arrow.
The arrow hits Terence but does no damage.
You shoot an arrow.
The arrow hits Terence but does no damage.
You shoot an arrow. The arrow hits Terence.
Terence is lightly wounded.
You shoot an arrow.
The arrow hits Terence but does no damage.
Terence is lightly wounded.
You shoot an arrow. The arrow hits Terence.
Terence is moderately wounded.
Terence hits you but does no damage.
You shoot an arrow. The arrow hits Terence.
Terence is heavily wounded.
Terence hits you with a +0 mace.
You shoot an arrow. The arrow closely misses Terence.
Terence hits you with a +0 mace.
You shoot an arrow. The arrow hits Terence.
Terence is heavily wounded.
Terence hits you with a +0 mace. Terence hits you but does no damage.
You shoot an arrow. The arrow barely misses Terence.
Terence screams, "I'm going to kill you!"
Terence hits you with a +0 mace.
You shoot an arrow. The arrow closely misses Terence.
Terence hits you with a +0 mace.
You shoot an arrow. The arrow barely misses Terence.
Terence hits you with a +0 mace.
You shoot an arrow. The arrow barely misses Terence.
Terence hits you with a +0 mace.
You shoot an arrow. The arrow barely misses Terence.
Terence hits you with a +0 mace.
You shoot an arrow. The arrow hits Terence.
Terence is severely wounded.
Terence shouts, "DIE!!!"
Terence barely misses you. Terence hits you with a +0 mace.
You shoot an arrow.
The arrow hits Terence but does no damage.
Terence is severely wounded.
Terence hits you with a +0 mace.
You die...

###.##.......##.....##
##.
#...#####............#
#.. #.###
########......# #.. #.#
..............# #.. #.#
...)...#.....## #####..
#.#
.......#.#.#######......
#.#
........................
#.#
.......#.#.#######......
#.## ......@@.#.###
#####.. #..#
.......###...# #..
##.########### ###.# #.>
#.......####### #.# #..
#).####.......# #.# ##.
#..####.)###..# #.#
#..##.)....#..####.#
#....)#..#.........#
##.####..###..######


You could see Terence.

Vanquished Creatures
  4 gnolls (D:3)
  3 dart slugs (D:1)
  3 ball pythons
  2 bats (D:2)
  2 endoplasms
  2 giant cockroaches (D:1)
  A goblin (D:2)
  5 hobgoblins
  2 quokkas (D:1)
  2 frilled lizards (D:1)
  3 kobolds
  5 rats
34 creatures vanquished.

Notes
Turn   | Place    | Note
-------+----------+-------------------------------------------
     0 | D:1      | qw the Gargoyle Hunter began the quest for the Orb.
     0 | D:1      | Reached XP level 1. HP: 12/12 MP: 1/1
     0 | D:1      | 0 ||| qw: Version: 0.2-a-120-gdf1a93b
     0 | D:1      | 0 ||| qw: Game counter: 3142
     0 | D:1      | 0 ||| qw: Always use a shield: true
     0 | D:1      | 0 ||| qw: God list: Okawaru
     0 | D:1      | 0 ||| qw: Allow faded altars: false
     0 | D:1      | 0 ||| qw: Do Orc after D:15 true
     0 | D:1      | 0 ||| qw: Do second Lair branch before Depths: true
     0 | D:1      | 0 ||| qw: Lair rune preference: random
     0 | D:1      | 0 ||| qw: Plans: Normal
     0 | D:1      | 0 ||| PLANNING D:1-11
    80 | D:1      | Reached XP level 2. HP: 17/17 MP: 2/2
   226 | D:1      | Found a faded altar of an unknown god.
   386 | D:1      | Reached XP level 3. HP: 21/21 MP: 3/3
   621 | D:1      | 621 ||| UPGRADING to amulet of faith.
   626 | D:1      | 626 ||| READING scroll labelled CEMOAVIT GAH.
   627 | D:1      | 627 ||| READING scroll labelled PITIAN SASAO.
   628 | D:1      | 628 ||| DROPPING scroll of butterflies.
   716 | D:2      | Reached skill level 5 in Ranged Weapons
  1234 | D:2      | 1234 ||| READING scroll labelled ROTROE ZOEDUTASS.
  1235 | D:2      | 1235 ||| READING 2 scrolls of identify.
  1235 | D:2      | 1235 ||| IDENTIFYING metallic black potion
  1236 | D:2      | 1236 ||| DROPPING potion of enlightenment.
  1493 | D:3      | Identified the +3 war axe of Ymor {heavy, rCorr}
  1506 | D:3      | Reached skill level 3 in Fighting
  1508 | D:3      | Reached XP level 4. HP: 28/28 MP: 4/4
  1584 | D:3      | Noticed Terence
  1597 | D:3      | HP: 5/28 [Terence/+0 mace (3)]
  1598 | D:3      | HP: 1/28 [Terence/+0 mace (4)]
  1599 | D:3      | Slain by Terence

Levels and vault maps discovered:
D:1:      reono_arrival_forest_river, layout_loops_ring,
          hellmonk_ecumenical_altar_crossroads
D:2:      layout_basic
D:3:      layout_loops_cross, nicolae_hepliaklqana_hazy_memory, uniq_terence

Skill      XL: |  1  2  3 |
---------------+----------+-----
Ranged Weapons | 5 |  5.4
Fighting       | 3 |  3.0
Dodging        | |  1.5
Stealth        | |  1.1

Action                     |  1- 3 |  4- 6 || total
---------------------------+-------+-------++-------
   Fire: Shortbow          |    88 |    25 ||   113
    Use: Scroll            |     4 |       ||     4
 Armour: Leather armour    |    13 |     6 ||    19
  Dodge: Dodged            |    21 |     4 ||    25

Table legend:
 A = Non-vault XP
 B = Vault XP
 C = Vault XP percentage of total XP
 D = Non-vault monster count
 E = Vault monster count
 F = Vault count percentage of total count
                 A         B        C        D         E       F
            +---------+---------+-------+---------+---------+-------
      Total |     114 |       0 |   0.0 |      34 |       0 |   0.0
            +---------+---------+-------+---------+---------+-------
        D:1 |      37 |       0 |   0.0 |      19 |       0 |   0.0
        D:2 |      13 |       0 |   0.0 |       7 |       0 |   0.0
        D:3 |      64 |       0 |   0.0 |       8 |       0 |   0.0
            +---------+---------+-------+---------+---------+-------
